Cogmind - Beta 13 @@@ ROGUE MODE // 2024.05.18 @ 00:53:53 Player: GayPredator Result: Self-destructed Performance ------------- Evolutions (1) 500 Regions Visited (2) 400 Robots Destroyed (26) 130 Value Destroyed (649) 649 Prototype IDs (0) 0 Alien Tech Used (0) 0 Bonus (16) 16 TOTAL SCORE: 1695 Bonus ------- High Alert Combat Kills 16 Cogmind --------- Core Integrity 319/400 Matter 274/300 Energy 125/125 System Corruption 0% Temperature Cool (0) Movement Treading (160) Location -9/Materials Parts ------- > --- POWER (1) -------- Light Ion Engine > --- PROPULSION (3) --- Light Treads Light Treads > --- UTILITY (3) ------ Large Storage Unit Hacking Suite > --- WEAPON (2) ------- Light Cannon Light Cannon > --- INVENTORY (15) --- Ion Engine Compact Wheel Compact Wheel Heat Sink Improved Terrain Scanner Seismic Detector Weapon Shielding Particle Gun Particle Gun Peak State ------------ > --- POWER ------------ Ion Engine > --- PROPULSION ------- Light Treads Light Treads Light Treads > --- UTILITY ---------- Large Storage Unit Medium Armor Plating Hacking Suite > --- WEAPON ----------- Light Cannon Light Cannon > --- INVENTORY -------- Light Ion Engine Compact Wheel Compact Wheel Improved Terrain Scanner Seismic Detector Weapon Shielding Light Cannon Light Cannon [Rating: 13] Favorites ----------- Power Light Ion Engine Engine Light Ion Engine Propulsion Light Treads Treads Light Treads Utility Hacking Suite Device Improved Terrain Scanner Storage Large Storage Unit Hackware Hacking Suite Protection Medium Armor Plating Weapon Light Cannon Energy Gun Medium Laser Ballistic Gun Assault Rifle Ballistic Cannon Light Cannon Build | -11 -10 -9 ------- Run | Yrd Mat Mat Slots Evolved 2 | . . 2 Power . | . . . Propulsion 1 | . . 1 Utility 1 | . . 1 Weapon . | . . . Parts Attached 19 | 7 5 7 Power 3 | 1 1 1 Engine 3 | 1 1 1 Core . | . . . Reactor . | . . . Propulsion 3 | 2 . 1 Treads 3 | 2 . 1 Leg . | . . . Wheel . | . . . Hover . | . . . Flight . | . . . Utility 7 | 2 2 3 Device 1 | 1 . . Storage 2 | 1 1 . Processor . | . . . Hackware 1 | . 1 . Protection 3 | . . 3 Artifact . | . . . Weapon 6 | 2 2 2 Energy Gun 1 | 1 . . Energy Cannon . | . . . Ballistic Gun 1 | 1 . . Ballistic Cannon 4 | . 2 2 Launcher . | . . . Special Weapon . | . . . Impact Weapon . | . . . Slashing Weapon . | . . . Piercing Weapon . | . . . Special Melee Weapon . | . . . Unidentified Prototypes . | . . . Parts Lost 4 | . . 4 Power 1 | . . 1 Propulsion 1 | . . 1 Utility 2 | . . 2 Weapon . | . . . Highest Loss Streak 2 | . . 2 To Critical Strikes . | . . . Average Slot Usage (%) 97 | . 100 94 Engine 12 | . 14 11 Treads 29 | . 28 30 Device 2 | . 5 . Storage 12 | . 14 11 Hackware 9 | . 8 11 Protection 4 | . . 8 Ballistic Cannon 24 | . 27 22 Naked Turns . | . . . Heaviest Build 38 | 13 31 38 Greatest Support 60 | 40 40 60 Greatest Overweight (x) . | . . . Average Overweight (x) . | . . . Largest Inventory Capacity 15 | 8 15 15 Average Capacity 12 | 7 11 15 Most Carried 10 | 5 10 9 Average Carried 7 | 3 7 8 Final Capacity 15 | 8 15 15 Final Carried 9 | 5 9 9 Class Distribution -------------------- 100% | Mutant Dominant Class ---------------- Mutant | -10/Materials Mutant | -9/Materials Resources | -11 -10 -9 ----------- Run | Yrd Mat Mat Matter Collected 834 | 275 183 376 Remotely . | . . . Salvage Created 691 | 79 208 404 Parts 42 | 4 15 23 Haulers Intercepted 1 | . 1 . Recyclers Shooed . | . . . Parts Field Recycled . | . . . Retrieved Matter . | . . . Parts Self-Destructed . | . . . Prevented . | . . . Kills | -11 -10 -9 ------- Run | Yrd Mat Mat Combat Hostiles Destroyed 18 | . 4 14 Cannons 18 | . 4 14 Classes Destroyed 8 | 2 4 2 Tunneler 1 | 1 . . Hauler 1 | . 1 . Recycler 3 | 1 . 2 Operator 1 | . 1 . Watcher 2 | . 1 1 Swarmer 4 | . . 4 Grunt 12 | . 4 8 Sentry 2 | . . 2 Best Kill Streak 11 | 2 2 11 Combat Bots Only 4 | . 2 4 Max Kills in Single Turn 1 | 1 1 1 Gunslinging . | . . . Exploded . | . . . Melee . | . . . Uniques/NPCs Destroyed . | . . . Combat | -11 -10 -9 -------- Run | Yrd Mat Mat Hostile Shots Fired 123 | . 33 90 Missed 38 | . 10 28 Damage Taken 956 | . 232 724 Core 91 | . 10 81 Absorbed by Shields . | . . . Core Remaining (%) 98 | 100 96 . Volleys Fired 66 | 6 15 45 Largest 2 | 2 2 2 Hottest 70 | 70 70 70 Shots Fired 130 | 12 30 88 Gun 12 | 12 . . Cannon 118 | . 30 88 Launcher . | . . . Special . | . . . Kinetic 124 | 6 30 88 Thermal 6 | 6 . . Explosive . | . . . Electromagnetic . | . . . Robot Hit Streak 11 | 5 8 11 Robot Miss Streak 5 | 5 4 4 Penetration Max . | . . . Secondary Targets . | . . . Shots Hit Robots 77 | 6 15 56 Core Hits 32 | 3 8 21 Critical Kills . | . . . Critical Parts Destroyed . | . . . Critical Strikes 5 | . 1 4 Blast 5 | . 1 4 Melee Attacks . | . . . Impact . | . . . Slashing . | . . . Piercing . | . . . Sneak Attacks . | . . . Combat Hostiles . | . . . Follow-up Attacks . | . . . Damage Inflicted 1363 | 75 273 1015 Guns 75 | 75 . . Cannons 1288 | . 273 1015 Explosions . | . . . Melee . | . . . Ramming . | . . . Kinetic 1324 | 36 273 1015 Thermal 39 | 39 . . Explosive . | . . . Electromagnetic . | . . . Impact . | . . . Slashing . | . . . Piercing . | . . . Highest Corruption . | . . . Average Corruption . | . . . Corruption Purged . | . . . Corruption Blocked . | . . . Overload Shots . | . . . Overflow Damage 3 | . . 3 Projectiles 3 | . . 3 Explosions . | . . . Melee . | . . . Knockbacks 10 | . 3 7 Impact . | . . . Kinetic 9 | . 3 6 Secondary 1 | . . 1 Self-Inflicted Damage . | . . . Shots . | . . . Rammed . | . . . Targets Rammed . | . . . Kicked . | . . . Crushed . | . . . Highest Temperature 102 | 36 72 102 Average Temperature 27 | 16 19 32 Received Heat Transfer 330 | . 54 276 Siege Activations . | . . . Robots Corrupted . | . . . Combat Hostiles . | . . . Parts Fried . | . . . Impact Corruptions . | . . . Robots Melted . | . . . Combat Hostiles . | . . . Parts Melted . | . . . Heat Transferred 111 | 111 . . Parts Sabotaged . | . . . Parts Stolen . | . . . Parts Stripped . | . . . Power Chain Reactions . | . . . Alert | -11 -10 -9 ------- Run | Yrd Mat Mat Peak Influence 463 | 10 166 463 Initial 69 | . 6 69 Average 126 | 4 54 211 Maximum Alert Level 2 | . . 2 Low Security (%) 76 | 100 100 53 Level 1 19 | . . 39 Level 2 3 | . . 7 Level 3 . | . . . Level 4 . | . . . Level 5 . | . . . High Security . | . . . Max Security . | . . . Squads Dispatched 3 | . 1 2 Investigation 2 | . 1 1 Extermination . | . . . Reinforcement 1 | . . 1 Assault . | . . . Garrison . | . . . Intercept . | . . . Searches Triggered . | . . . Construction Impeded . | . . . Haulers Reinforced . | . . . Active Scanning Responses . | . . . Cargo Convoy Interrupts . | . . . Stealth | -11 -10 -9 --------- Run | Yrd Mat Mat Distress Signals 2 | . 1 1 Communications Jammed . | . . . Distress Signals . | . . . Times Spotted 26 | . 10 16 Peak Tracking Total 5 | . 5 4 Tactical Retreats 1 | . . 1 Traps | -11 -10 -9 ------- Run | Yrd Mat Mat Traps Triggered 1 | . 1 . Indirectly . | . . . Trap Hack Attempts . | . . . Triggered . | . . . Disarmed . | . . . Reprogrammed . | . . . Reused . | . . . Traps Extracted . | . . . Installed . | . . . Triggered . | . . . Machines | -11 -10 -9 ---------- Run | Yrd Mat Mat Machines Disabled 1 | . 1 . Max in Single Turn 1 | . 1 . Machines Repaired . | . . . Machines Dismantled . | . . . Machines Sabotaged . | . . . Overloaded Fab Kills . | . . . Hacking | -11 -10 -9 --------- Run | Yrd Mat Mat Machines Accessed 4 | . 3 1 Terminals 4 | . 3 1 Fabricators . | . . . Repair Stations . | . . . Recycling Units . | . . . Scanalyzers . | . . . Garrison Access . | . . . Total Hacks 15 | . 11 4 Successful 9 | . 6 3 Failed 6 | . 5 1 Catastrophic 1 | . 1 . Database Lockouts . | . . . Manual 14 | . 11 3 Terminals 15 | . 11 4 Fabricators . | . . . Repair Stations . | . . . Recycling Units . | . . . Scanalyzers . | . . . Garrison Access . | . . . Terminal Hacks 6 | . 4 2 Part Schematic 3 | . 2 1 Robot Analysis 2 | . 2 . Zone Layout 1 | . . 1 Fabricator Hacks . | . . . Repair Station Hacks . | . . . Recycling Unit Hacks . | . . . Scanalyzer . | . . . Garrison Access Hacks . | . . . Unauthorized Hacks 3 | . 2 1 Terminals 3 | . 2 1 Botnet 3 | . 2 1 Fabricators . | . . . Repair Stations . | . . . Recycling Units . | . . . Scanalyzers . | . . . Garrison Access . | . . . Data Cores Recovered 1 | . 1 . Used . | . . . Hacking Detections 4 | . 3 1 Full Trace Events 1 | . . 1 Feedback Events . | . . . Feedback Blocked . | . . . Robot Schematics Acquired . | . . . Robots Built . | . . . Authchips . | . . . Time . | . . . Total Robot Build Rating . | . . . Part Schematics Acquired 3 | . 2 1 Parts Built . | . . . Authchips . | . . . Time . | . . . Total Part Build Rating . | . . . Parts Repaired . | . . . Time . | . . . Parts Recycled . | . . . Recycled Matter . | . . . Retrieved Matter . | . . . Retrieved Components . | . . . Parts Scanalyzed . | . . . Part Schematics Acquired . | . . . Parts Damaged . | . . . Bothacking | -11 -10 -9 ------------ Run | Yrd Mat Mat Used RIF Installer . | . . . Robots Hacked . | . . . Non-combat . | . . . Combat . | . . . Robot Hacks Applied . | . . . Relay Couplers Released . | . . . Fabnet Peak Effective % . | . . . Robots Rewired . | . . . Allies Hacked . | . . . Hacks Repelled . | . . . Allies | -11 -10 -9 -------- Run | Yrd Mat Mat Total Allies . | . . . Largest Group . | . . . Highest-Rated Group . | . . . Highest-Rated Ally . | . . . Total Orders . | . . . Ally Attacks . | . . . Total Damage . | . . . Kills . | . . . Allies Corrupted . | . . . Allies Melted . | . . . Intel | -11 -10 -9 ------- Run | Yrd Mat Mat Robot Analysis Total 2 | . 2 . Derelict Logs Recovered . | . . . Drone Launches . | . . . Drone Recoveries . | . . . Exploration | -11 -10 -9 ------------- Run | Yrd Mat Mat Turns Passed 973 | 110 381 482 Spaces Moved 437 | 49 193 195 Core 7 | 7 . . Treads 430 | 42 193 195 Legs . | . . . Wheels . | . . . Hover . | . . . Flight . | . . . Fastest Speed 50 | 50 160 160 Average Speed 158 | 144 160 160 Slowest Speed 160 | 160 160 160 Overloaded Moves . | . . . Propulsion Burnouts . | . . . Robots Hopped . | . . . Cave-ins Triggered . | . . . Exploration Rate (%) 22 | 5 40 22 Regions Visited 2 Branch Regions . Pre-discovered Areas . | . . . Known Exits Taken . | . . . Unknown Exits Taken 2 | 1 1 . Scrap Searched . | . . . Spaces Dug . | . . . Terrain Destroyed . | . . . Melee . | . . . Projectile . | . . . AOE . | . . . Terrain Rammed . | . . . Walls Destroyed . | . . . Machines Disabled . | . . . Actions | -11 -10 -9 --------- Run | Yrd Mat Mat Total 588 | 73 237 278 Wait 43 | 7 13 23 Move 435 | 48 192 195 Hop . | . . . Pick Up 15 | 5 5 5 Fast Attach 11 | 7 3 1 Attach 6 | . . 6 Detach 2 | . 1 1 Swap 2 | . 2 . Drop 8 | . 6 2 Fire 66 | 6 15 45 Melee . | . . . Ram . | . . . Kick . | . . . Crush . | . . . Escape Stasis . | . . . Rewire . | . . . Trap . | . . . Miscellaneous . | . . . Route ------- -11/Scrapyard -10/Materials (discovered 2 exits: *Mat / [Min]) -9/Materials History --------- Turn | Location | Event 7 | -11/Scrapyard | Discovered new exit (range 15) 111 | -11/Scrapyard | Entered Materials 215 | -10/Materials | Discovered new exit (range 13) 319 | -10/Materials | Build established: Mutant 455 | -10/Materials | Discovered new exit (range 12) 492 | -10/Materials | Entered another Materials area 492 | -9/Materials | Evolved 2 slots: Propulsion x1, Utility x1 974 | -9/Materials | Self-destructed Last Messages --------------- 00839_ Acquired 34 matter. 00840_ K-01 Serf collects debris. 00858_ G-34 Mercenary destroyed. 00862_ K-01 Serf collects debris. 00864_ G-34 Mercenary destroyed. 00866_ K-01 Serf collects debris. 00875_ Lgt. Armor Plating destroyed. 00875_ Lgt. Treads destroyed. 00877_ K-01 Serf collects debris. 00900_ Y-45 Defender destroyed. 00904_ Acquired 31 matter. 00909_ Acquired Ion Engine. 00913_ Acquired 33 matter. 00917_ Dropped Lgt. Cannon. 00923_ Acquired Particle Gun. 00930_ Acquired 14 matter. 00936_ Acquired 2 matter. 00959_ K-01 Serf collects debris. 00963_ O-16 Technician knocked back. 00965_ K-01 Serf collects debris. Map ----- +----------------------------------------------------+ | ?????# """ + == % % + """"""" ???? | | ?????# """ ###### # """""""????? | | ?????# """ #????### % %##%# """"""?????? | | ?????# #??????# ## # """""??????? | | ?????########??????# ## ######???????? | | ???????????????????#!! ## #????????????? | | ???????????????????# = ##+####?????????? | | ???????????????????# == # #?????????? | | ???????????????????#%! # #?????????? | | ???????????????????# # !! #????????## | | ???????????????????# # !! ######### # | | ?????????? ????????# # ! ## %# | | ????????? ???????# %[ # % ## [[[ [ # | | ????????# #######%== # ## [[ # | | ????????# =%* ###+#### # | | ????????# % %=% # =]! # | | ????????# % *[ " = ] # | | ????????" #= %"T" # | | ????????T # % """ # | | ????????" ^ ####### #[ # | | ????????# ^ #######+########## | | ????????# " # % #??????? | | ????????# """ # #??????? | | ????????? """ # #??????? | | ????????? """ # #??????? | | ?????????? "" #@ #??????? | | ????????????? """ + #??????? | | ????????????? "" =! # k #??????? | | ????????????? "" =! # #??????? | | ???????????? " = ###########??????? | | ???????????? ????????????????? | | ??????????? ????????????????? | | ??????????? ????????????????? | | ??????????? ????????????????? | | ???????????##############????????????????? | | ?????????????????????????????????????????? | | ?????????????????????????????????????????? | | ?????????????????????????????????????????? | | ?????????????????????????????????????????? | | | | | | | | | | | | | | | | | | | | | | | +----------------------------------------------------+ Best States ------------- Heat Dissipation 28 Energy Generation 10 Energy Capacity 250 Matter Stores 300 Matter Capacity 300 Sight Range 16 Terrain Scan Range 16 Terrain Scan Density 10 Armor Coverage 225 Weapon Shielding 33 Evasion (%) 40 Recoil Reduction 3 Offensive Hacking 10 Item Schematics ----------------- Hcp. Storage Unit | -10/Materials | Hacked Lrg. Storage Unit | -10/Materials | Hacked Wheel | -9/Materials | Hacked Robot Schematics ------------------ None Fabricated ------------ Nothing Alien Tech Used ----------------- None Achievements -------------- None Challenges ------------ None Game ------ Seed SmallEtherialCompactor Manual? 0 Play Time 00:11:02 Cumulative 111.1 hours Start 2024.05.17 @ 22:32:07 End 2024.05.18 @ 00:53:53 Sessions 2 Manual Loads 0 Difficulty Rogue Special Mode None Game No. 89 Rogue 50 Adventurer 32 Explorer 7 Win Type - Total 0 Types 0/0/0/0/0/0/0/0/0 Lore% 28 Gallery% 62 Achievement% 46 Wizard Run 0 Options --------- Layout 2 ASCII 0 Keyboard 0 Movement Numpad Keybinds 0 Fullscreen 2 Font 24/Smallcaps Map View 50x44 Zoom Use 0% Tactical HUD 1 Map Filters NONE Filters NONE Steam SD RUN: cd3d5cfe-908e-465d-943f-3a1b73d719b6